TOP OF THE 1ST |
Eugene Emeralds batting - Pitching for Brooklyn Cyclones : RHP Adrian Colorado
|
Pitching: RHP Adrian Colorado
|
|
Batting: RHB Du Kim
|
0-0: TRIPLE (Flyball, 9LD, EV 100.6 MPH)
|
Batting: RHB Bill Holmes
|
0-0: Ball 1-0: Ball Passed Ball! Du Kim scores 2-0: Called Strike 2-1: Called Strike 2-2: Ball 3-2: Ground out 4-3 (Groundball, 4, EV 104.4 MPH)
|
Batting: RHB Eric Wiss
|
0-0: Called Strike 0-1: Ball 1-1: Foul Ball, location: 2F 1-2: SINGLE (Line Drive, 6MD, EV 106.2 MPH)
|
Batting: RHB Taylor Garofalo
|
0-0: Called Strike Eric Wiss steals 2nd, throwing error, E2 Eric Wiss to third 0-1: Called Strike 0-2: Foul Ball, location: 2F 0-2: Ball 1-2: Ball 2-2: Foul Ball, location: 2F 2-2: Fly out, F9 (Flyball, 9, EV 85.6 MPH) Runner from 3rd tags up, SCORES, throw by RF
|
Pitching: RHP Danny Helm
|
|
Batting: RHB Ryan Bush
|
0-0: Called Strike 0-1: Ball 1-1: Fly out, F8 (Line Drive, 8RM, EV 88.1 MPH)
|
Top of the 1st over - 2 runs, 2 hits, 1 error, 0 left on base; Eugene 2 - Brooklyn 0 |
BOTTOM OF THE 1ST |
Brooklyn Cyclones batting - Pitching for Eugene Emeralds : LHP Eddie Panagos
|
Pitching: LHP Eddie Panagos
|
|
Batting: RHB Darwin Mills
|
0-0: Called Strike 0-1: Foul Ball, location: 2F 0-2: Strikes out swinging
|
Batting: RHB Mike Mathews
|
0-0: Foul Ball, location: 2F 0-1: Hit by Pitch
|
Batting: SHB Harrison Feist
|
0-0: Called Strike 0-1: Ball 1-1: Foul Ball, location: 2F 1-2: Strikes out swinging
|
Batting: RHB Matt Tittle
|
0-0: Foul Ball, location: 2F 0-1: Ball 1-1: Foul Ball, location: 2F 1-2: Strikes out swinging
|
Bottom of the 1st over - 0 runs, 0 hits, 0 errors, 1 left on base; Eugene 2 - Brooklyn 0 |
TOP OF THE 2ND |
Eugene Emeralds batting - Pitching for Brooklyn Cyclones : RHP Danny Helm
|
Batting: RHB Roy Battist
|
0-0: Swinging Strike 0-1: Foul Ball, location: 2F 0-2: Ball 1-2: Strikes out swinging
|
Batting: RHB Jerry Blas
|
0-0: Ball 1-0: Called Strike 1-1: Reached on error, E5 (Groundball, 56S, EV 89.4 MPH)
|
Batting: RHB Josh Asch
|
0-0: Ball 1-0: Ball 2-0: Called Strike 2-1: Ball 3-1: Foul Ball, location: 2F 3-2: Foul Ball, location: 2F 3-2: Base on Balls Jerry Blas to second
|
Batting: RHB Alvaro Romero
|
0-0: Ball 1-0: Ball 2-0: Ball 3-0: Called Strike 3-1: Base on Balls Jerry Blas to third Josh Asch to second
|
Pitching: RHP Marvin Merino
|
|
Batting: RHB Du Kim
|
0-0: Ball 1-0: Ball Passed Ball! Jerry Blas scores Josh Asch to third Alvaro Romero to second 2-0: Called Strike 2-1: SINGLE (Flyball, 6D, EV 93.1 MPH) - OUT at second base trying to stretch hit. Josh Asch scores Alvaro Romero scores
|
Batting: RHB Bill Holmes
|
0-0: Ball 1-0: Ball 2-0: Swinging Strike 2-1: Foul Ball, location: 2F 2-2: Strikes out swinging
|
Top of the 2nd over - 3 runs, 1 hit, 1 error, 0 left on base; Eugene 5 - Brooklyn 0 |
BOTTOM OF THE 2ND |
Brooklyn Cyclones batting - Pitching for Eugene Emeralds : LHP Eddie Panagos
|
Batting: RHB Mike Patterson
|
0-0: Called Strike 0-1: Foul Ball, location: 2F 0-2: Strikes out swinging
|
Batting: LHB Ryan Stegall
|
0-0: Ball 1-0: Ball 2-0: Foul Ball, location: 2F 2-1: Called Strike 2-2: Strikes out swinging
|
Batting: RHB Brad Brown
|
0-0: Ball 1-0: Ball 2-0: Ball 3-0: Base on Balls
|
Batting: RHB Tyler Lybrand
|
0-0: Ball 1-0: Called Strike 1-1: Ball 2-1: Ball 3-1: Foul Ball, location: 2F 3-2: Strikes out looking
|
Bottom of the 2nd over - 0 runs, 0 hits, 0 errors, 1 left on base; Eugene 5 - Brooklyn 0 |
TOP OF THE 3RD |
Eugene Emeralds batting - Pitching for Brooklyn Cyclones : RHP Marvin Merino
|
Batting: RHB Eric Wiss
|
0-0: Foul Ball, location: 2F 0-1: Foul Ball, location: 2F 0-2: Ball 1-2: Ball 2-2: Ball 3-2: SINGLE (Groundball, 13, EV 94.4 MPH) (infield hit)
|
Batting: RHB Taylor Garofalo
|
0-0: Fly out, F3 (Popup, 3F, EV 71.2 MPH)
|
Batting: RHB Ryan Bush
|
0-0: Ball Eric Wiss steals 2nd base (no throw) 1-0: Called Strike Eric Wiss is caught stealing 3rd base 2-5 1-1: Ball 2-1: Ball 3-1: Base on Balls
|
Batting: RHB Roy Battist
|
0-0: Ball 1-0: Ball 2-0: SINGLE (Line Drive, 8LS, EV 104.4 MPH) Ryan Bush to second
|
Batting: RHB Jerry Blas
|
0-0: Ball 1-0: Fly out, F3 (Popup, 3F, EV 58.8 MPH)
|
Top of the 3rd over - 0 runs, 2 hits, 0 errors, 2 left on base; Eugene 5 - Brooklyn 0 |
BOTTOM OF THE 3RD |
Brooklyn Cyclones batting - Pitching for Eugene Emeralds : LHP Eddie Panagos
|
Batting: RHB Barney Pederson
|
0-0: Ball 1-0: Ball 2-0: Foul Ball, location: 2F 2-1: Foul Ball, location: 2F 2-2: Strikes out looking
|
Batting: RHB Darwin Mills
|
0-0: Swinging Strike 0-1: Foul Ball, location: 2F 0-2: Strikes out swinging
|
Batting: RHB Mike Mathews
|
0-0: Swinging Strike 0-1: Foul Ball, location: 2F 0-2: Strikes out swinging
|
Bottom of the 3rd over - 0 runs, 0 hits, 0 errors, 0 left on base; Eugene 5 - Brooklyn 0 |
TOP OF THE 4TH |
Eugene Emeralds batting - Pitching for Brooklyn Cyclones : RHP Marvin Merino
|
Batting: RHB Josh Asch
|
0-0: Ball 1-0: Ball 2-0: Foul Ball, location: 2F 2-1: Foul Ball, location: 2F 2-2: TRIPLE (Flyball, 89XD, EV 96.9 MPH)
|
Batting: RHB Alvaro Romero
|
0-0: Fly out, F3 (Line Drive, 3, EV 71.2 MPH)
|
Batting: RHB Du Kim
|
0-0: Ball 1-0: Called Strike 1-1: Ball 2-1: Ball 3-1: Swinging Strike 3-2: DOUBLE (Line Drive, 8LD, EV 101.9 MPH) Josh Asch scores
|
Batting: RHB Bill Holmes
|
0-0: SINGLE (Line Drive, 89S, EV 108.1 MPH) Du Kim to third Runner from 3rd tries for Home, throw by RF and OUT! 9-2 Bill Holmes to second
|
Batting: RHB Eric Wiss
|
0-0: Ball Passed Ball! Bill Holmes to third 1-0: TRIPLE (Flyball, 8RXD, EV 95.0 MPH) Bill Holmes scores
|
Batting: RHB Taylor Garofalo
|
0-0: Ball 1-0: Called Strike 1-1: Called Strike 1-2: Foul Ball, location: 2F 1-2: Ball 2-2: SINGLE (Line Drive, 8RS, EV 108.8 MPH) Eric Wiss scores
|
Batting: RHB Ryan Bush
|
0-0: Swinging Strike 0-1: Ball 1-1: Hit by Pitch Taylor Garofalo to second
|
Batting: RHB Roy Battist
|
0-0: Ball 1-0: SINGLE (Flyball, 89M, EV 81.2 MPH) Taylor Garofalo to third Ryan Bush to second Runner from 3rd tries for Home, SAFE, throw by RF to home
|
Batting: RHB Jerry Blas
|
0-0: Ball 1-0: Called Strike 1-1: Called Strike 1-2: Ball 2-2: Foul Ball, location: 2F 2-2: Foul Ball, location: 2F 2-2: Foul Ball, location: 2F 2-2: Ball 3-2: Foul Ball, location: 2F 3-2: SINGLE (Groundball, 4MD, EV 98.1 MPH) Ryan Bush to third Roy Battist to second Ryan Bush scores Roy Battist to third
|
Batting: RHB Josh Asch
|
0-0: SINGLE (Groundball, 4, EV 99.4 MPH) Roy Battist scores Jerry Blas to second Runner from 2nd tries for 3rd, SAFE, throw by CF made to third
|
Batting: RHB Alvaro Romero
|
0-0: Called Strike 0-1: Swinging Strike 0-2: Strikes out swinging
|
Top of the 4th over - 6 runs, 8 hits, 0 errors, 2 left on base; Eugene 11 - Brooklyn 0 |
BOTTOM OF THE 4TH |
Brooklyn Cyclones batting - Pitching for Eugene Emeralds : LHP Eddie Panagos
|
Batting: SHB Harrison Feist
|
0-0: Ball 1-0: Called Strike 1-1: Called Strike 1-2: Strikes out looking
|
Batting: RHB Matt Tittle
|
0-0: Foul Ball, location: 2F 0-1: Ball 1-1: Called Strike 1-2: Ball 2-2: Foul Ball, location: 2F 2-2: Ball 3-2: Base on Balls
|
Batting: RHB Mike Patterson
|
0-0: Called Strike 0-1: Foul Ball, location: 2F 0-2: Foul Ball, location: 2F 0-2: Ball 1-2: Ball 2-2: Strikes out swinging
|
Batting: LHB Ryan Stegall
|
0-0: Called Strike 0-1: Ball 1-1: Swinging Strike 1-2: Fly out, F9 (Flyball, 89M, EV 82.5 MPH)
|
Bottom of the 4th over - 0 runs, 0 hits, 0 errors, 1 left on base; Eugene 11 - Brooklyn 0 |
TOP OF THE 5TH |
Eugene Emeralds batting - Pitching for Brooklyn Cyclones : RHP Marvin Merino
|
Batting: RHB Du Kim
|
0-0: Ball 1-0: Called Strike 1-1: Ball 2-1: SINGLE (Groundball, 6MD, EV 93.8 MPH)
|
Batting: RHB Bill Holmes
|
0-0: Foul Ball, location: 2F 0-1: SINGLE (Line Drive, 9S, EV 90.0 MPH) Du Kim to second
|
Batting: RHB Eric Wiss
|
0-0: Ball 1-0: Ball 2-0: Ball 3-0: Called Strike 3-1: Base on Balls Du Kim to third Bill Holmes to second
|
Batting: RHB Taylor Garofalo
|
0-0: Called Strike 0-1: SINGLE (Groundball, 34D, EV 105.0 MPH) Du Kim scores Bill Holmes to third Eric Wiss to second
|
Batting: RHB Ryan Bush
|
0-0: Foul Ball, location: 2F 0-1: Ball 1-1: Ball 2-1: Swinging Strike 2-2: Ball 3-2: Strikes out swinging
|
Batting: RHB Roy Battist
|
0-0: Ball 1-0: Foul Ball, location: 2F 1-1: Ball 2-1: Ball 3-1: Called Strike 3-2: SINGLE (Flyball, 34D, EV 91.9 MPH) Bill Holmes scores Eric Wiss to third Taylor Garofalo to second
|
Batting: RHB Jerry Blas
|
0-0: Fly out, F8 (Line Drive, 8RM, EV 110.6 MPH)
|
Batting: RHB Josh Asch
|
0-0: Ball 1-0: Ball 2-0: Ball 3-0: Base on Balls Eric Wiss scores Taylor Garofalo to third Roy Battist to second
|
Batting: RHB Alvaro Romero
|
0-0: Called Strike 0-1: Ball 1-1: Ground out 4-3 (Groundball, 4S, EV 68.1 MPH)
|
Top of the 5th over - 3 runs, 4 hits, 0 errors, 3 left on base; Eugene 14 - Brooklyn 0 |
BOTTOM OF THE 5TH |
Brooklyn Cyclones batting - Pitching for Eugene Emeralds : LHP Eddie Panagos
|
Batting: RHB Brad Brown
|
0-0: Called Strike 0-1: Ball 1-1: Foul Ball, location: 2F 1-2: Strikes out swinging
|
Batting: RHB Tyler Lybrand
|
0-0: Ball 1-0: Foul Ball, location: 2F 1-1: Foul Ball, location: 2F 1-2: Foul Ball, location: 2F 1-2: Foul Ball, location: 2F 1-2: Ball 2-2: Ball 3-2: Foul Ball, location: 2F 3-2: Strikes out swinging
|
Batting: RHB Barney Pederson
|
0-0: Called Strike 0-1: Foul Ball, location: 2F 0-2: Foul Ball, location: 2F 0-2: Ball 1-2: Strikes out looking
|
Bottom of the 5th over - 0 runs, 0 hits, 0 errors, 0 left on base; Eugene 14 - Brooklyn 0 |
TOP OF THE 6TH |
Eugene Emeralds batting - Pitching for Brooklyn Cyclones : RHP Marvin Merino
|
Batting: RHB Du Kim
|
0-0: Foul Ball, location: 2F 0-1: Ground out 5-3 (Groundball, 25, EV 84.4 MPH)
|
Batting: RHB Bill Holmes
|
0-0: Fly out, F7 (Flyball, 7S, EV 84.4 MPH)
|
Batting: RHB Eric Wiss
|
0-0: SINGLE (Groundball, 34D, EV 110.6 MPH)
|
Batting: RHB Taylor Garofalo
|
0-0: Ball 1-0: SINGLE (Line Drive, 8LS, EV 95.6 MPH) Eric Wiss to second Runner from 2nd tries for 3rd, SAFE, throw by CF made to third
|
Batting: RHB Ryan Bush
|
0-0: SINGLE (Flyball, 8LS, EV 88.1 MPH) Eric Wiss scores Taylor Garofalo to second
|
Batting: RHB Roy Battist
|
0-0: Ball 1-0: Ball 2-0: Foul Ball, location: 2F 2-1: Foul Ball, location: 2F 2-2: Foul Ball, location: 2F 2-2: Ball 3-2: Base on Balls Taylor Garofalo to third Ryan Bush to second
|
Batting: RHB Jerry Blas
|
0-0: Fly out, F8 (Flyball, 8RXD, EV 100.0 MPH)
|
Top of the 6th over - 1 run, 3 hits, 0 errors, 3 left on base; Eugene 15 - Brooklyn 0 |
BOTTOM OF THE 6TH |
Brooklyn Cyclones batting - Pitching for Eugene Emeralds : LHP Eddie Panagos
|
Batting: RHB Darwin Mills
|
0-0: Ball 1-0: Called Strike 1-1: Ball 2-1: Ground out 6-3 (Groundball, 6, EV 104.4 MPH)
|
Batting: RHB Mike Mathews
|
0-0: Ball 1-0: Ball 2-0: Ball 3-0: Called Strike 3-1: Called Strike 3-2: Foul Ball, location: 2F 3-2: Base on Balls
|
Batting: SHB Harrison Feist
|
0-0: Foul Ball, location: 2F 0-1: Ball Wild Pitch! Mike Mathews to second 1-1: Called Strike 1-2: Foul Ball, location: 2F 1-2: Ball Balk! Mike Mathews to third 2-2: Strikes out swinging
|
Batting: RHB Matt Tittle
|
0-0: Called Strike 0-1: Foul Ball, location: 2F 0-2: Strikes out swinging
|
Bottom of the 6th over - 0 runs, 0 hits, 0 errors, 1 left on base; Eugene 15 - Brooklyn 0 |
TOP OF THE 7TH |
Eugene Emeralds batting - Pitching for Brooklyn Cyclones : RHP Marvin Merino
|
Batting: RHB Josh Asch
|
0-0: Fly out, F9 (Flyball, 9LM, EV 82.5 MPH)
|
Batting: RHB Alvaro Romero
|
0-0: Called Strike 0-1: Swinging Strike 0-2: Strikes out swinging
|
Batting: RHB Du Kim
|
0-0: Ball 1-0: Ball 2-0: Ball 3-0: Base on Balls
|
Batting: RHB Bill Holmes
|
0-0: Swinging Strike 0-1: Foul Ball, location: 2F 0-2: Strikes out swinging, 2-3 out at first.
|
Top of the 7th over - 0 runs, 0 hits, 0 errors, 1 left on base; Eugene 15 - Brooklyn 0 |
BOTTOM OF THE 7TH |
Brooklyn Cyclones batting - Pitching for Eugene Emeralds : LHP Eddie Panagos
|
Batting: RHB Mike Patterson
|
0-0: Ball 1-0: Called Strike 1-1: Ball 2-1: Ball 3-1: Foul Ball, location: 2F 3-2: Base on Balls
|
Batting: LHB Ryan Stegall
|
0-0: Ball 1-0: Sac Bunt to 15S - play at first, batter OUT! 1-4 Mike Patterson to second
|
Batting: RHB Brad Brown
|
0-0: Ball 1-0: Ball 2-0: Called Strike 2-1: Foul Ball, location: 2F 2-2: Strikes out looking
|
Batting: RHB Tyler Lybrand
|
0-0: Swinging Strike 0-1: Ball 1-1: Called Strike 1-2: Ball 2-2: Ball 3-2: Strikes out swinging
|
Bottom of the 7th over - 0 runs, 0 hits, 0 errors, 1 left on base; Eugene 15 - Brooklyn 0 |
TOP OF THE 8TH |
Eugene Emeralds batting - Pitching for Brooklyn Cyclones : RHP Marvin Merino
|
Batting: RHB Eric Wiss
|
0-0: Swinging Strike 0-1: Ball 1-1: Swinging Strike 1-2: Ball 2-2: Ball 3-2: Foul Ball, location: 2F 3-2: Strikes out looking
|
Batting: RHB Taylor Garofalo
|
0-0: SINGLE (Groundball, 3D, EV 101.9 MPH)
|
Batting: RHB Ryan Bush
|
0-0: SINGLE (Groundball, 56S, EV 66.9 MPH) (infield hit) Taylor Garofalo to second
|
Batting: RHB Roy Battist
|
0-0: Called Strike 0-1: Foul Ball, location: 2F 0-2: SINGLE (Groundball, 6S, EV 65.6 MPH) (infield hit) Taylor Garofalo to third Ryan Bush to second
|
Batting: RHB Jerry Blas
|
0-0: Foul Ball, location: 2F 0-1: Foul Ball, location: 2F 0-2: Strikes out swinging
|
Batting: RHB Josh Asch
|
0-0: SINGLE (Line Drive, 6D, EV 103.8 MPH) Taylor Garofalo scores Ryan Bush to third Roy Battist to second Runner from 3rd tries for Home, SAFE, throw by CF to home
|
Pinch Hitting: RHB Hugo Torrez
|
0-0: Ball 1-0: Ball 2-0: Called Strike 2-1: SINGLE (Groundball, 15S, EV 74.4 MPH) (infield hit) Roy Battist to third Josh Asch to second
|
Batting: RHB Du Kim
|
0-0: SINGLE (Groundball, 56, EV 98.8 MPH) (infield hit) Roy Battist scores Josh Asch to third Hugo Torrez to second
|
Batting: RHB Bill Holmes
|
0-0: Ball 1-0: SINGLE (Line Drive, 7S, EV 88.1 MPH) Josh Asch scores Hugo Torrez to third Du Kim to second Runner from 3rd tries for Home, SAFE, throw by LF to home
|
Batting: RHB Eric Wiss
|
0-0: Fly out, F7 (Flyball, 7, EV 95.6 MPH)
|
Top of the 8th over - 5 runs, 7 hits, 0 errors, 2 left on base; Eugene 20 - Brooklyn 0 |
BOTTOM OF THE 8TH |
Brooklyn Cyclones batting - Pitching for Eugene Emeralds : LHP Eddie Panagos
|
Now at SS: Hugo Torrez
|
|
Batting: RHB Barney Pederson
|
0-0: Called Strike 0-1: Ball 1-1: Ball 2-1: Foul Ball, location: 2F 2-2: Strikes out swinging
|
Batting: RHB Darwin Mills
|
0-0: Called Strike 0-1: Called Strike 0-2: Foul Ball, location: 2F 0-2: Strikes out swinging
|
Batting: RHB Mike Mathews
|
0-0: Foul Ball, location: 2F 0-1: Foul Ball, location: 2F 0-2: SINGLE (Groundball, 6MD, EV 105.6 MPH) (infield hit)
|
Batting: SHB Harrison Feist
|
0-0: Ball 1-0: Ball 2-0: Ball 3-0: Called Strike 3-1: Foul Ball, location: 2F 3-2: Base on Balls Mike Mathews to second
|
Batting: RHB Matt Tittle
|
0-0: Ball Wild Pitch! Mike Mathews to third Harrison Feist to second 1-0: Called Strike 1-1: Ball 2-1: Ball 3-1: Base on Balls
|
Batting: RHB Mike Patterson
|
0-0: Ball 1-0: Ball 2-0: Foul Ball, location: 2F 2-1: Ball 3-1: Base on Balls Mike Mathews scores Harrison Feist to third Matt Tittle to second
|
Pitching: RHP Carlos Zavala
|
|
Batting: LHB Ryan Stegall
|
0-0: Called Strike 0-1: Called Strike 0-2: Fly out, F6 (Line Drive, 6, EV 66.2 MPH)
|
Bottom of the 8th over - 1 run, 1 hit, 0 errors, 3 left on base; Eugene 20 - Brooklyn 1 |
TOP OF THE 9TH |
Eugene Emeralds batting - Pitching for Brooklyn Cyclones : RHP Marvin Merino
|
Batting: RHB Taylor Garofalo
|
0-0: SINGLE (Groundball, 6MD, EV 101.2 MPH)
|
Batting: RHB Ryan Bush
|
0-0: Ball 1-0: Ball 2-0: Foul Ball, location: 2F 2-1: Ball 3-1: Base on Balls Taylor Garofalo to second
|
Batting: RHB Roy Battist
|
0-0: Ball 1-0: Called Strike 1-1: Ball Wild Pitch! Taylor Garofalo to third Ryan Bush to second 2-1: Ball 3-1: Foul Ball, location: 2F 3-2: Base on Balls
|
Batting: RHB Jerry Blas
|
0-0: SINGLE (Groundball, 56D, EV 98.1 MPH) Taylor Garofalo scores Ryan Bush to third Roy Battist to second
|
Pinch Hitting: RHB Jonathan Ridgely
|
0-0: Called Strike 0-1: Swinging Strike 0-2: Strikes out swinging
|
Batting: RHB Hugo Torrez
|
0-0: Ball 1-0: SINGLE (Groundball, 56D, EV 99.4 MPH) Ryan Bush scores Roy Battist to third Jerry Blas to second Runner from 3rd tries for Home, SAFE, throw by LF to home
|
Batting: RHB Du Kim
|
0-0: Ball 1-0: Ball 2-0: Foul Ball, location: 2F 2-1: Ball 3-1: Base on Balls Jerry Blas to third Hugo Torrez to second
|
Batting: RHB Bill Holmes
|
0-0: Called Strike 0-1: SINGLE (Groundball, 6D, EV 93.8 MPH) Jerry Blas scores Hugo Torrez to third Du Kim to second Runner from 3rd tries for Home, throw by LF and OUT! 7-2
|
Batting: RHB Eric Wiss
|
0-0: Called Strike 0-1: Swinging Strike 0-2: Ball 1-2: Foul Ball, location: 2F 1-2: Ball 2-2: Ball 3-2: Foul Ball, location: 2F 3-2: Base on Balls Du Kim to third Bill Holmes to second
|
Batting: RHB Taylor Garofalo
|
0-0: Ball Passed Ball! Du Kim scores Bill Holmes to third Eric Wiss to second 1-0: Ball 2-0: Ball 3-0: Base on Balls
|
Batting: RHB Ryan Bush
|
0-0: Ground out 4-3 (Groundball, 4S, EV 85.0 MPH)
|
Top of the 9th over - 5 runs, 4 hits, 0 errors, 3 left on base; Eugene 25 - Brooklyn 1 |
BOTTOM OF THE 9TH |
Brooklyn Cyclones batting - Pitching for Eugene Emeralds : RHP Carlos Zavala
|
Now at C: Jonathan Ridgely
|
|
Batting: RHB Brad Brown
|
0-0: Called Strike 0-1: Called Strike 0-2: Ball 1-2: Strikes out swinging
|
Batting: RHB Tyler Lybrand
|
0-0: Swinging Strike 0-1: Ball 1-1: Called Strike 1-2: Foul Ball, location: 2F 1-2: Foul Ball, location: 2F 1-2: Strikes out swinging
|
Batting: RHB Barney Pederson
|
0-0: Foul Ball, location: 2F 0-1: Fly out, F9 (Flyball, 9, EV 88.8 MPH)
|
Bottom of the 9th over - 0 runs, 0 hits, 0 errors, 0 left on base; Eugene 25 - Brooklyn 1 |
|